 Dungeon Crawl Stone Soup version 0.31.0-11-ge490571c62 (webtiles) character file.

Game seed: 10887467366568754591

1472 qw the Skirmisher (level 8, -11/40 HPs)
             Began as a Spriggan Hunter on Feb 5, 2024.
             Killed from afar by a steam dragon (20 damage)
             ... with a ball of steam
             ... on level 5 of the Dungeon.
             The game lasted 00:01:41 (3455 turns).

qw the Skirmisher (Spriggan Hunter)                 Turns: 3455, Time: 00:01:41

Health: -11/40     AC:  3    Str:  7    XL:     8   Next: 49%
Magic:  9/9        EV: 23    Int: 10    God:
Gold:   170        SH:  0    Dex: 21    Spells: 7/7 levels left

rFire   . . .        a - +2 shortbow
rCold   . . .        (shield currently unavailable)
rNeg    . . .        c - +0 robe
rPois   .            (helmet restricted)
rElec   .            e - +0 cloak
rCorr   .            (gloves unavailable)
SInv    +            (boots unavailable)
Will    +....        m - amulet of faith
Stlth   ++           (no ring)
HPRegen 0.26/turn    (no ring)
MPRegen 0.11/turn

%: faith
@: about to teleport, very quick
A: very small, no large weapons, unfitting armour, see invisible, speed 3
a: no special abilities


You were on level 5 of the Dungeon.
You visited 1 branch of the dungeon, and saw 5 of its levels.

You collected 170 gold pieces.


Innate Abilities, Weirdness & Mutations

You are very small and have problems with some larger weapons.
You are too small for most types of armour.
You have supernaturally acute eyesight. (SInv)
You cover ground extremely quickly. (Speed+++)


   Skills:
 - Level 3.2 Fighting
 - Level 9.1 Ranged Weapons
 + Level 8.1 Dodging
 - Level 1.5 Stealth


You had 7 spell levels left.
You didn't know any spells.
Your spell library was empty.

Inventory:

Hand Weapons
 a - a +2 shortbow (weapon)
Armour
 c - a +0 robe (worn)
 e - a +0 cloak (worn)
Jewellery
 m - an amulet of faith (around neck)
 q - a ring of ice
Wands
 o - a wand of charming (8)
 r - a wand of acid (6)
Scrolls
 b - a scroll of identify
 k - a scroll of vulnerability {unknown}
 p - 2 scrolls of teleportation
Potions
 d - 2 potions of brilliance {unknown}
 f - a potion of might
 g - a potion of resistance {unknown}
 h - a potion of enlightenment {unknown}
 i - 2 potions of attraction {unknown}
 j - 8 potions of curing
 l - a potion of invisibility {unknown}
 n - a potion of magic {unknown}

Dungeon Overview and Level Annotations

Branches:
Dungeon (5/15)
 Temple: D:4-7

Altars:
Sif Muna
Xom
Zin

Shops:
D:4 (


Message History

The steam dragon is lightly wounded.
An adder comes into view.
You shoot an arrow. The arrow hits the steam dragon!
The steam dragon is moderately wounded.
The steam dragon breathes steam at you. The ball of steam hits you!
You hear a shout!
You shoot an arrow.
The arrow closely misses the steam dragon.
You are engulfed in a cloud of scalding steam.
The steam dragon bites you. The steam dragon completely misses you.
You shoot an arrow. The arrow hits the steam dragon!
The steam dragon is severely wounded.
You are engulfed in a cloud of scalding steam.
The adder completely misses you.
The steam dragon completely misses you. x2
You shoot an arrow.
The arrow closely misses the steam dragon.
You are engulfed in a cloud of scalding steam.
The adder misses you.
You shoot an arrow. The arrow hits the steam dragon.
The steam dragon is almost dead.
You are engulfed in a cloud of scalding steam.
The adder closely misses you. The steam dragon barely misses you.
The steam dragon completely misses you.
3453 ||| READING 3 scrolls of teleportation.
As you read the scroll of teleportation, it crumbles to dust.
You feel strangely unstable. The adder completely misses you.
The steam dragon misses you. x2
The adder misses you.
You shoot an arrow.
The arrow hits the steam dragon but does no damage.
The steam dragon is almost dead.
The steam dragon completely misses you. x2; The adder barely misses you.
You shoot an arrow. The arrow hits the steam dragon.
The steam dragon is almost dead.
The adder misses you. The steam dragon breathes steam at you.
The ball of steam hits you!!
Ouch! That really hurt!
You die...

#. ####. # ....
#$#.#.# .....
###.#.### #...YSD.#
#.#.#@# ##..:##.
#..#..#. ##...##.
##.###.##
#..[##).## ##.##
#..# #.# #..###
#)####....#########


You could see a steam dragon (catching breath), an ice beast and an adder.

Vanquished Creatures
  Sigmund (D:4)
  An orc warrior (D:5)
  3 black bears
  2 ogres
  2 phantoms
  A gnoll sergeant (D:5)
  A scorpion (D:5)
  4 bombardier beetles
  2 jellies (D:5)
  2 orc wizards
  A sleepcap (D:5)
  An iguana (D:4)
  8 gnolls
  4 adders
  A white imp (D:5)
  A dart slug (D:2)
  2 ribbon worms (D:2)
  15 orcs
  8 endoplasms
  3 giant cockroaches
  8 goblins
  2 hobgoblins (D:2)
  13 jackals
  4 kobolds
  6 quokkas
  4 ball pythons
  7 bats
  3 frilled lizards (D:2)
  3 rats
113 creatures vanquished.

Notes
Turn   | Place    | Note
-------+----------+-------------------------------------------
     0 | D:1      | qw the Spriggan Hunter began the quest for the Orb.
     0 | D:1      | Reached XP level 1. HP: 10/10 MP: 2/2
     0 | D:1      | 0 ||| qw: Version: 0.3-a-160-g6735b56
     0 | D:1      | 0 ||| qw: Game counter: 6512
     0 | D:1      | 0 ||| qw: Melee chars always use a shield: true
     0 | D:1      | 0 ||| qw: God list: Okawaru
     0 | D:1      | 0 ||| qw: Allow faded altars: false
     0 | D:1      | 0 ||| qw: Do Orc after clearing Dungeon:15 true
     0 | D:1      | 0 ||| qw: Do second Lair branch before Depths: true
     0 | D:1      | 0 ||| qw: Lair rune preference: random
     0 | D:1      | 0 ||| qw: Goals: Normal
     0 | D:1      | 0 ||| PLANNING D:1-11
    30 | D:1      | Reached skill level 3 in Dodging
    30 | D:1      | Reached XP level 2. HP: 14/14 MP: 3/3
   437 | D:1      | 437 ||| UPGRADING to amulet of faith.
   442 | D:1      | 442 ||| READING scroll labelled LEARCH PAORAE.
   447 | D:1      | 447 ||| READING scroll labelled KAF NIEQIHAPPO.
   448 | D:1      | 448 ||| READING scroll labelled LUBUCLA HOUTAH.
   448 | D:1      | 448 ||| ENCHANTING +0 shortbow.
   449 | D:1      | 449 ||| DRINKING 2 inky potions.
   491 | D:1      | 491 ||| DRINKING 6 sapphire potions.
   492 | D:1      | 492 ||| DRINKING 2 bubbling grey potions.
   493 | D:1      | 493 ||| DROPPING scroll of butterflies.
   494 | D:1      | 494 ||| DROPPING potion of lignification.
   524 | D:2      | Reached XP level 3. HP: 17/18 MP: 4/4
   773 | D:2      | Reached skill level 5 in Ranged Weapons
   889 | D:2      | 889 ||| RETREEEEATING.
   891 | D:2      | 891 ||| RETREEEEATING.
   894 | D:2      | Reached XP level 4. HP: 8/22 MP: 5/5
   896 | D:2      | HP: 1/22 [gnoll/+0 club (7)]
  1085 | D:2      | 1085 ||| READING scroll labelled KOG OTUOSEG.
  1086 | D:2      | 1086 ||| READING scroll labelled UCSIN QIPS.
  1127 | D:2      | 1127 ||| READING scroll labelled OSOK LUTYWOIBB.
  1127 | D:2      | 1127 ||| ENCHANTING +1 shortbow.
  1128 | D:2      | 1128 ||| READING scroll labelled XIHIED UXOERITZ.
  1128 | D:2      | 1128 ||| IDENTIFYING murky purple potion
  1293 | D:3      | Found a faded altar of an unknown god.
  1375 | D:3      | Found the +8 trident of the Octopus King {venom, rElec
                  | rPois}
  1389 | D:3      | 1389 ||| READING scroll of enchant weapon.
  1389 | D:3      | 1389 ||| ENCHANTING +1 shortbow.
  1450 | D:3      | Found a shimmering altar of Xom.
  1608 | D:3      | Reached XP level 5. HP: 11/26 MP: 6/6
  1817 | D:3      | 1817 ||| UPGRADING to +0 cloak.
  1822 | D:3      | 1822 ||| READING scroll labelled ONKUEN DIAN.
  1852 | D:4      | Noticed an ogre
  1852 | D:4      | Noticed a black bear
  1853 | D:4      | 1853 ||| DRINKING potion of haste.
  1858 | D:4      | Noticed a phantom
  1859 | D:4      | 1859 ||| STAIRDANCE
  1861 | D:3      | Killed an ogre
  1862 | D:3      | Reached skill level 6 in Ranged Weapons
  1914 | D:4      | Reached XP level 6. HP: 30/30 MP: 7/7
  1991 | D:4      | Reached skill level 6 in Dodging
  2028 | D:4      | Noticed Sigmund
  2034 | D:4      | Killed Sigmund
  2035 | D:4      | Reached skill level 7 in Ranged Weapons
  2101 | D:4      | Reached XP level 7. HP: 30/35 MP: 8/8
  2266 | D:4      | Found Fawadu's Weapon Shoppe.
  2442 | D:4      | 2442 ||| DROPPING amulet of magic regeneration.
  2443 | D:4      | 2443 ||| READING 2 scrolls labelled CUZOHOE ASIJIO.
  2444 | D:4      | 2444 ||| DRINKING 3 amethyst potions.
  2445 | D:4      | 2445 ||| DROPPING scroll of immolation.
  2461 | D:5      | Entered Level 5 of the Dungeon
  2467 | D:5      | Reached skill level 8 in Ranged Weapons
  2550 | D:5      | Found a shimmering blue altar of Sif Muna.
  2699 | D:5      | Reached XP level 8. HP: 38/39 MP: 9/9
  2734 | D:5      | Found a glowing silver altar of Zin.
  2799 | D:5      | 2799 ||| RETREEEEATING.
  2805 | D:5      | 2805 ||| RETREEEEATING.
  2817 | D:5      | Reached skill level 3 in Fighting
  2818 | D:5      | HP: 8/40 [gnoll/+0 spear[a gnoll sergeant] (5)]
  2819 | D:5      | 2819 ||| READING 3 scrolls of teleportation.
  2820 | D:5      | 2820 ||| DRINKING 2 potions of heal wounds.
  3036 | D:5      | 3036 ||| RETREEEEATING.
  3046 | D:5      | HP: 4/40 [ice beast (7)]
  3047 | D:5      | 3047 ||| READING 4 scrolls of teleportation.
  3048 | D:5      | 3048 ||| DRINKING potion of heal wounds.
  3356 | D:5      | Reached skill level 9 in Ranged Weapons
  3379 | D:5      | 3379 ||| FLEEEEING.
  3380 | D:5      | 3380 ||| FLEEEEING.
  3393 | D:5      | 3393 ||| FLEEEEING.
  3394 | D:5      | 3394 ||| FLEEEEING.
  3395 | D:5      | 3395 ||| FLEEEEING.
  3452 | D:5      | HP: 8/40 [steam dragon] (4)]
  3453 | D:5      | 3453 ||| READING 3 scrolls of teleportation.
  3455 | D:5      | Killed from afar by a steam dragon

Levels and vault maps discovered:
D:1:      dpeg_arrival_refuge, layout_basic, serial_bayou_pond_a
D:2:      layout_basic, minmay_pentomino_u2
D:3:      layout_loops_cross, mainiacjoe_overflow_surrounded_room,
          hellmonk_ecumenical_altar_dog_temple
D:4:      layout_cave_pools, serial_shops, shop,
          hangedman_abyss_or_decor_passed, uniq_sigmund
D:5:      minmay_spotlight, layout_basic, hellmonk_sif_muna_bookshelves,
          mainiacjoe_overflow_catwalk, chequers_serial_rivers_micro_b,
          minmay_misc_feat_diagonals

Skill      XL: |  1  2  3  4  5  6  7  8 |
---------------+-------------------------+-----
Dodging        | 3 4 5 6 8 |  8.1
Ranged Weapons | 5 6 7 8 9 |  9.1
Fighting       | 2 3 |  3.2
Stealth        | |  1.5

Action                     |  1- 3 |  4- 6 |  7- 9 || total
---------------------------+-------+-------+-------++-------
   Fire: Shortbow          |    96 |   104 |   161 ||   361
    Use: Scroll            |     3 |     6 |     4 ||    13
         Potion            |     3 |     1 |     3 ||     7
 Armour: Robe              |     5 |     6 |    38 ||    49
  Dodge: Dodged            |    20 |    21 |   109 ||   150

Table legend:
 A = Non-vault XP
 B = Vault XP
 C = Vault XP percentage of total XP
 D = Non-vault monster count
 E = Vault monster count
 F = Vault count percentage of total count
                 A         B        C        D         E       F
            +---------+---------+-------+---------+---------+-------
      Total |    1546 |     557 |  26.5 |     101 |      12 |  10.6
            +---------+---------+-------+---------+---------+-------
        D:1 |      30 |       0 |   0.0 |      11 |       0 |   0.0
        D:2 |     103 |       6 |   5.5 |      29 |       2 |   6.5
        D:3 |     195 |       8 |   3.9 |      16 |       4 |  20.0
        D:4 |     563 |     226 |  28.6 |      21 |       1 |   4.5
        D:5 |     655 |     317 |  32.6 |      24 |       5 |  17.2
            +---------+---------+-------+---------+---------+-------
